 Dungeon Sprint DCSS version 0.29-a0-284-gf9362112df (webtiles) character file.

Game seed: 5860345557073768041

51 mhtbhm the Chopper (level 4, -2/58 HPs)
             Began as a Human Berserker on Mar 19, 2022.
             Was a Believer of Trog.
             Slain by a water elemental (21 damage)
             ... in the Dungeon (Sprint III: "The Ten Rune Challenge").
             The game lasted 00:00:27 (484 turns).

mhtbhm the Chopper (Human Berserker)                 Turns: 484, Time: 00:00:28

Health: -2/58      AC:  2    Str: 19    XL:     4   Next: 7%
Magic:  4/4        EV: 12    Int:  7    God:    Trog [**....]
Gold:   43         SH:  0    Dex: 13    Spells: 3/3 levels left

rFire   . . .      SeeInvis .   a - +0 hand axe
rCold   . . .      Faith    .   (no shield)
rNeg    . . .      Spirit   .   b - +0 robe
rPois   .          Reflect  .   (no helmet)
rElec   .          Harm     .   (no cloak)
rCorr   .          Rampage  .   (no gloves)
Will    .....      NoTele   +   (no boots)
Stlth   ..........              (no amulet)
HPRegen 0.19/turn               (no ring)
MPRegen 0.09/turn               (no ring)

@: berserking, very quick
A: no striking features
a: Renounce Religion, Berserk, Trog's Hand


You were in the Dungeon.
You worshipped Trog.
Trog was pleased with you.
You visited 1 branch You collected 43 gold pieces.

Inventory:

Hand Weapons
 a - a +0 hand axe (weapon)
Armour
 b - a +0 robe (worn)
Scrolls
 h - a scroll of blinking
 i - a scroll of torment {unknown}
 j - 2 scrolls of identify {unknown}
 k - a scroll of holy word {unknown}
Potions
 c - 4 potions of curing
 d - a potion of heal wounds
 e - a potion of haste
 f - 2 potions of magic
 g - a potion of berserk rage
 l - 2 potions of might {unknown}
 m - 5 potions of mutation


   Skills:
 + Level 5.3 Fighting
 + Level 5.5 Axes
 + Level 2.8 Armour
 + Level 2.8 Dodging


You had 3 spell levels left.
You didn't know any spells.
Your spell library was empty.

Dungeon Overview and Level Annotations

Branches:
Dungeon (1/1)

Altars:


Message History

You start resting.
You feel yourself speed up.
You start resting.
You recover from your berserk rage.
You start resting.
You start resting.
HP restored.
You open the door.
A water elemental comes into view.
Unknown command.
The water elemental hits you!
The water elemental engulfs you in water!
There is an open door to the Ecumenical Temple, spattered with blood here.
You cannot call out to Trog while unable to breathe.
You slip free of the water engulfing you.
Your lungs strain for air!
The water elemental hits you!
You slash the water elemental!
The water elemental is moderately damaged.
* * * LOW HITPOINT WARNING * * *
Your lungs strain for air!
The water elemental completely misses you.
Unknown command.
You slip free of the water engulfing you.
The water elemental attacks as you move away!
The water elemental barely misses you.
You gasp with relief as air once again reaches your lungs.
You feel much better. The water elemental closely misses you.
A red film seems to cover your vision as you go berserk!
You feel yourself moving faster!
You feel mighty! The water elemental hits you!
You slash the water elemental!
The water elemental is heavily damaged.
The water elemental barely misses you.
You barely miss the water elemental.
The water elemental is heavily damaged.
The water elemental hits you!
You barely miss the water elemental.
The water elemental is heavily damaged.
The water elemental hits you!!
You die...

▓▓▓▓▓▓ ▓▓▓ .#(..####
##.# .#......#####..#
##....÷..#..#..#
.##.##...#..#..###+#+###
.##.###..##'#..#@.......
####.##..###...'E⌠......
##..##..####...#...#####
....##).###....#.⌠.#
#†.##..[##.....#...#
..##....#......#+###
.###..##.#.....# .# #..
####....# ▓▓ ▓▓▓ ▓▓▓▓▓▓


You could see a water elemental.

Vanquished Creatures
  Jessica (D)
  A human (D)
  A phantom (D)
  An endoplasm (D)
  2 rats (D)
6 creatures vanquished.

Notes
Turn   | Place    | Note
-------+----------+-------------------------------------------
     0 | D        | mhtbhm the Human Berserker began the quest for the Orb.
     0 | D        | Reached XP level 1. HP: 18/18 MP: 1/1
   102 | D        | Reached ** piety under Trog
   117 | D        | Noticed Jessica
   126 | D        | Killed Jessica
   127 | D        | Reached XP level 2. HP: 8/26 MP: 2/2
   127 | D        | Reached XP level 3. HP: 10/31 MP: 3/3
   363 | D        | Reached skill level 5 in Axes
   369 | D        | Reached skill level 5 in Fighting
   369 | D        | Reached XP level 4. HP: 35/39 MP: 4/4
   475 | D        | Noticed a water elemental
   484 | D        | Slain by a water elemental

Illustrated notes

Levels and vault maps discovered:
D:        dungeon_sprint_mu [sprint_mu_entry_cave, sprint_mu_temple_rooms,
          sprint_mu_d1_horrors, sprint_mu_d2_genie, sprint_mu_d3_branching,
          sprint_mu_orc_legion, sprint_mu_elf_gauntlet, sprint_mu_hive_nellie,
          sprint_mu_lair_fedhas, sprint_mu_vaults_butterflies,
          sprint_mu_slime_circle, sprint_mu_shoals_archi,
          sprint_mu_snake_twists, sprint_mu_blade_basic,
          sprint_mu_crypt_fortress, sprint_mu_tomb_spiral,
          sprint_mu_vestibule_basic, sprint_mu_gehenna_hellfire,
          sprint_mu_dis_giant, sprint_mu_tartarus_statrot,
          sprint_mu_cocytus_islands, sprint_mu_zot1]

Skill      XL: |  1  2  3 |
---------------+----------+-----
Fighting       | 4 5 |  5.3
Axes           | 4 5 |  5.5
Armour         | |  2.8
Dodging        | |  2.8

Action                   |  1- 3 |  4- 6 || total
-------------------------+-------+-------++-------
Melee: Hand axe          |    21 |     4 ||    25
Invok: Berserk           |     2 |     1 ||     3
  Use: Potion            |       |     1 ||     1
Armor: Animal skin       |     1 |       ||     1
Dodge: Dodged            |     8 |     4 ||    12

Table legend: (Time is in decaauts)
 A = Elapsed time spent in this place.
 B = Non-inter-level travel time spent in this place.
 C = Inter-level travel time spent in this place.
 D = Time resting spent in this place.
 E = Time spent auto-exploring this place.
 F = Levels seen in this place.
 G = Mean time per level.
                   A        B        C        D        E       F      G
               +--------+--------+--------+--------+--------+-----+--------+
         Total |    509 |    509 |      0 |    300 |    103 |   1 |  509.0 |
       Dungeon |    509 |    509 |      0 |    300 |    103 |   1 |  509.0 |
               +--------+--------+--------+--------+--------+-----+--------+

Top non-repeatable levels by time:
       D: 509 daAuts
